AoeStats
← ZionDCG97

Black Forest

510405243Analyzed
4v4 RM · 1d ago on Sep 30, 2026· 59m 11s· 8 players
Game mode
Random Map
Map size
Large (8 player)
Population
200
Speed
Normal
Resources
Standard
Victory
Conquest
Starting age
Dark Age
Ending age
Imperial Age
RankedLock teamsTeams togetherTeam positionsShared explorationLock speedFull tech treeHidden civsTurbo modeCheats
Victory
Defeat
🇫🇷 Teutons · France
910
+14
🇩🇪 Bohemians · Germany
838
+17
🇲🇽 Spanish · Mexico
836
+17
🇲🇽 Italians · Mexico
833
+18
🇺🇸 Franks · United States
912
-17
880
-17
🇨🇱 Turks · Chile
872
-17
🇦🇷 Japanese · Argentina
816
-15
Granatenrambo
0:30 Loom
14:26 Feudal Age
15:30 Horse Collar
15:39 Double-Bit Axe
20:57 Castle Age
25:45 Bow Saw
28:04 Wheelbarrow
28:50 Fortified Wall
32:37 Imperial Age
30:24 Pikeman
31:04 Squires
33:38 Chemistry
32:58 Hand Cart
33:45 Conscription
38:48 Halberdier
40:17 Elite Hussite Wagon
44:43 Two-Man Saw
57:23 Spies/Treason
Iceman
0:41 Loom
15:56 Feudal Age
21:17 Castle Age
19:11 Double-Bit Axe
21:25 Gold Mining
21:26 Stone Mining
21:18 Horse Collar
35:53 Bow Saw
45:27 Imperial Age
42:38 Pikeman
45:29 Padded Archer Armor
45:20 Fletching
46:22 Thumb Ring
46:33 Leather Archer Armor
47:20 Chemistry
46:41 Ballistics
46:32 Masonry
46:20 Murder Holes
46:35 Fortified Wall
47:01 Bodkin Arrow
48:03 Wheelbarrow
47:14 Town Watch
47:04 Halberdier
47:30 Arson
47:46 Squires
47:32 Gambesons
50:37 Hand Cart
52:07 Ring Archer Armor
51:38 Bracer
51:44 Scale Barding Armor
51:01 Cavalier
51:41 Husbandry
51:52 Bloodlines
52:32 Paladin
55:09 Scale Mail Armor
55:30 Chain Barding Armor
55:21 Forging
57:21 Fervor
57:32 Sanctity
57:16 Town Patrol
57:53 Plate Barding Armor
57:34 Chain Mail Armor
56:41 Light Cavalry
56:44 Elite Skirmisher
56:47 Heavy Mounted Crossbowman
56:50 Man-at-Arms
Mitnickek
7:00 Loom
11:13 Feudal Age
14:09 Double-Bit Axe
20:15 Castle Age
24:30 Bow Saw
24:06 Horse Collar
26:25 Wheelbarrow
30:24 Forging
30:15 Scale Mail Armor
33:17 Imperial Age
32:01 Ballistics
31:31 Elite Skirmisher
33:52 Fletching
34:03 Padded Archer Armor
34:48 Bodkin Arrow
35:22 Conscription
37:02 Chemistry
37:23 Cavalier
38:14 Bloodlines
38:08 Pikeman
39:31 Chain Mail Armor
39:52 Iron Casting
40:00 Halberdier
42:38 Paladin
43:49 Scale Barding Armor
44:45 Blast Furnace
46:05 Two-Man Saw
45:06 Heavy Plow
46:15 Chain Barding Armor
48:54 Gold Mining
49:44 Plate Barding Armor
49:40 Plate Mail Armor
50:50 Town Watch
51:21 Hand Cart
52:35 Town Patrol
54:25 Fortified Wall
54:26 Masonry
54:36 Leather Archer Armor
55:54 Spies/Treason
58:40 Stone Mining
59:01 Siege Engineers
59:29 Ring Archer Armor
ZionDCG97
0:41 Loom
14:48 Feudal Age
15:35 Double-Bit Axe
15:33 Horse Collar
21:36 Castle Age
22:31 Bow Saw
22:43 Heavy Plow
23:29 Wheelbarrow
22:40 Town Watch
24:27 Treadmill Crane
24:45 Murder Holes
25:01 Masonry
27:11 Hand Cart
30:15 Squires
31:54 Pikeman
31:56 Crossbowman
32:41 Thumb Ring
33:24 Gold Mining
33:24 Stone Mining
34:10 Town Patrol
34:44 Coinage
38:32 Imperial Age
36:13 Scale Barding Armor
36:09 Padded Archer Armor
36:09 Scale Mail Armor
36:11 Light Cavalry
37:01 Bloodlines
37:41 Ballistics
37:12 Heated Shot
37:33 Fortified Wall
37:15 Guard Tower
38:48 Chain Barding Armor
38:44 Chain Mail Armor
38:43 Husbandry
41:42 Stone Shaft Mining
42:45 Caravan
43:11 Fletching
43:36 Leather Archer Armor
43:32 Forging
45:05 Cavalier
45:06 Hussar
46:50 Plate Barding Armor
46:46 Ring Archer Armor
46:46 Plate Mail Armor
46:51 Iron Casting
46:12 Bodkin Arrow
49:43 Chemistry
49:14 Architecture
50:53 Silk Road
51:36 Man-at-Arms
52:02 Arson
53:49 Elite Genoese Crossbowman
55:04 Hoardings
54:40 Pirotechnia
54:50 Conscription
53:52 Spies/Treason
57:38 Blast Furnace
56:39 Bracer
58:43 Redemption
58:33 Atonement
58:44 Fervor
58:49 Block Printing
59:00 Illumination
58:36 Devotion
58:56 Sanctity
59:12 Theocracy
58:32 Herbal Medicine
wild
0:26 Loom
12:56 Feudal Age
18:08 Castle Age
22:17 Double-Bit Axe
28:15 Fletching
33:03 Gold Mining
34:13 Forging
36:07 Husbandry
38:09 Wheelbarrow
41:09 Imperial Age
39:21 Bow Saw
40:03 Husbandry
42:08 Gold Shaft Mining
41:24 Stone Mining
42:12 Iron Casting
41:43 Scale Barding Armor
41:39 Cavalier
42:41 Conscription
44:02 Blast Furnace
43:32 Hand Cart
44:14 Paladin
46:48 Chain Barding Armor
Bobby Brad Phill Johnson Mcguire
1:00 Loom
12:50 Feudal Age
13:21 Horse Collar
13:31 Double-Bit Axe
17:15 Man-at-Arms
20:32 Wheelbarrow
24:03 Castle Age
22:06 Gold Mining
22:25 Stone Mining
23:26 Scale Mail Armor
23:36 Forging
24:50 Heavy Plow
25:26 Bow Saw
26:25 Caravan
29:44 Gambesons
29:19 Long Swordsman
30:33 Hand Cart
31:13 Stone Shaft Mining
31:17 Gold Shaft Mining
30:51 Town Watch
34:42 Imperial Age
32:35 Chain Mail Armor
32:56 Iron Casting
33:58 Town Patrol
34:21 Murder Holes
34:49 Ballistics
34:32 Arson
36:32 Plate Mail Armor
35:52 Two-Handed Swordsman
37:55 Blast Furnace
37:42 Fortified Wall
37:59 Champion
39:04 Elite Woad Raider
42:17 Chemistry
41:43 Stronghold
TILONXO
0:37 Loom
11:39 Feudal Age
17:20 Castle Age
15:56 Double-Bit Axe
28:43 Imperial Age
27:27 Gold Mining
27:51 Padded Archer Armor
29:25 Wheelbarrow
29:22 Town Watch
29:51 Horse Collar
37:36 Conscription
40:08 Bloodlines
39:59 Husbandry
39:59 Murder Holes
40:26 Ballistics
Nahue
0:45 Loom
Connection lost

Rejoining the realm…

Still unreachable

The connection could not be restored.

Session expired

The server has moved on; the page needs a fresh start.